 Dungeon Crawl Stone Soup version 0.26-a0-835-g8259106e14 (webtiles) character file.

Game seed: 2936680352097458237

234 marklar909 the Slinger (level 6, -3/42 HPs)
             Began as a Halfling Hunter on Nov 17, 2020.
             Slain by a killer bee (5 damage)
             ... on level 3 of the Dungeon on Nov 18, 2020.
             The game lasted 00:03:34 (1996 turns).

marklar909 the Slinger (Halfling Hunter)            Turns: 1996, Time: 00:03:34

Health: -3/42      AC:  3    Str: 14    XL:     6   Next: 26%
Magic:  6/6        EV: 15    Int:  9    God:
Gold:   170        SH:  0    Dex: 16    Spells: 5/5 levels left

rFire    . . .     SeeInvis .   b - +0 short sword
rCold    . . .     Faith    .   (shield restricted)
rNeg     . . .     Spirit   .   c - +0 leather armour
rPois    .         Reflect  .   (helmet restricted)
rElec    .         Harm     .   (no cloak)
rCorr    .         Rampage  .   (no gloves)
MR       +....                  (no boots)
Stlth    ++........             (no amulet)
HPRegen  0.14/turn              (no ring)
MPRegen  0.10/turn              (no ring)

@: mighty, lethally poisoned (-3 -> -15), berserk cooldown, slowed, very slow
A: small, horns 1, magic resistance 1, mutation resistance 1
a: no special abilities


You were on level 3 of the Dungeon.
You visited 1 branch of the dungeon, and saw 3 of its levels.

You collected 170 gold pieces.

Inventory:

Hand Weapons
 a - a +1 hunting sling
 b - a +0 short sword (weapon)
Missiles
 d - 26 sling bullets
 h - 29 stones (quivered)
Armour
 c - a +0 leather armour (worn)
Scrolls
 f - 3 scrolls of identify {unknown}
 i - 2 scrolls of fear {unknown}
 j - a scroll of teleportation {unknown}
 k - a scroll of fog {unknown}
 l - 2 scrolls of remove curse {unknown}
Potions
 g - a potion of berserk rage


   Skills:
 + Level 3.0 Fighting
 + Level 0.3 Short Blades
 + Level 9.0 Slings
 + Level 0.9 Armour
 + Level 2.5 Dodging
 + Level 1.4 Stealth


You had 5 spell levels left.
You didn't know any spells.
Your spell library was empty.

Dungeon Overview and Level Annotations

Branches:
Dungeon (3/15)

Altars:
Sif Muna

Annotations:
D:3 3 runed translucent doors, robertstho's ghost, amateur DEFE


Innate Abilities, Weirdness & Mutations

You are small and have problems with some larger weapons.
You are somewhat resistant to further mutation.
You have a pair of small horns on your head.
You are resistant to hostile enchantments. (MR+)


Message History

You miss the killer bee.
You are no longer berserk.
You are exhausted.
You feel yourself slow down.
You feel sick. The killer bee stings you!
* * * LOW HITPOINT WARNING * * *
You are lethally poisoned!
The killer bee poisons you!
It was a potion of might.
You feel very mighty all of a sudden.
* * * LOW HITPOINT WARNING * * *
You feel sick. The killer bee stings you.
* * * LOW HITPOINT WARNING * * *
The killer bee closely misses you. The killer bee barely misses you.
Okay, then.
It was a potion of mutation.
You feel extremely strange.
You feel resistant to hostile enchantments.
A pair of horns grows on your head!
* * * LOW HITPOINT WARNING * * *
You feel sick. The killer bee stings you.
You die...

#. #((≈≈ #. #.≈≈
#. #.≈≈ #. #(. #.
#.. ####. #(#
#..## #y# ##.##
#@# #...
#.##############..
#..........)......
#############.....
#.)... #...(.
####.. #.. #..


You could see a killer bee.

Vanquished Creatures
  3 killer bees (D:3)
  4 adders
  An ooze (D:1)
  2 worms (D:2)
  2 dart slugs
  A ball python (D:1)
  9 bats
  A giant cockroach (D:2)
  8 goblins
  6 hobgoblins
  2 jackals (D:3)
  8 kobolds
  3 frilled lizards (D:1)
  4 rats (D:1)
54 creatures vanquished.

Notes
Turn   | Place    | Note
-------+----------+-------------------------------------------
     0 | D:1      | marklar909 the Halfling Hunter began the quest for the Orb.
     0 | D:1      | Reached XP level 1. HP: 14/14 MP: 1/1
    26 | D:1      | Reached skill level 6 in Slings
    66 | D:1      | Reached XP level 2. HP: 19/19 MP: 2/2
   221 | D:1      | Reached XP level 3. HP: 18/24 MP: 3/3
   496 | D:1      | Reached skill level 7 in Slings
  1130 | D:2      | Reached XP level 4. HP: 29/29 MP: 4/4
  1411 | D:2      | Found a shimmering blue altar of Sif Muna.
  1863 | D:3      | Found a runed translucent gate.
  1863 | D:3      | Found a runed translucent gate.
  1863 | D:3      | Found a runed translucent gate.
  1865 | D:3      | Noticed robertstho's ghost (amateur DEFE)
  1901 | D:3      | Reached XP level 5. HP: 35/35 MP: 5/5
  1984 | D:3      | Reached skill level 8 in Slings
  1991 | D:3      | Reached XP level 6. HP: 27/41 MP: 6/6
  1993 | D:3      | Reached skill level 9 in Slings
  1996 | D:3      | Gained mutation: You are resistant to hostile enchantments.
                  | (MR+) [potion of mutation]
  1996 | D:3      | Gained mutation: You have a pair of small horns on your
                  | head. [potion of mutation]
  1996 | D:3      | HP: 2/42 [poisoned by a killer bee]
  1996 | D:3      | Slain by a killer bee

Illustrated notes

Levels and vault maps discovered:
D:1:      lemuel_arrival_river_ford, layout_basic
D:2:      layout_loops_ring, lemuel_crystal_altar, hangedman_decor_growths,
          grunt_decor_clamped
D:3:      layout_rooms, nicolae_tso_swordbearing_angel, gammafunk_ghost_split,
          chequers_serial_rivers_large_a, st_stairs_12, uniq_ijyb

Skill      XL: |  1  2  3  4  5  6 |
---------------+-------------------+-----
Slings         | 6 7 8 9 |  9.0
Fighting       | 2 3 |  3.0
Short Blades   | |  0.3
Armour         | |  0.9
Dodging        | |  2.5
Stealth        | |  1.4

Action                   |  1- 3 |  4- 6 || total
-------------------------+-------+-------++-------
Melee: Short sword       |       |    15 ||    15
 Fire: Hunting sling     |    92 |    99 ||   191
  Use: Potion            |       |     3 ||     3
Armor: Leather armour    |     2 |     9 ||    11
Dodge: Dodged            |    13 |    43 ||    56

Table legend: (Time is in decaauts)
 A = Elapsed time spent in this place.
 B = Non-inter-level travel time spent in this place.
 C = Inter-level travel time spent in this place.
 D = Time resting spent in this place.
 E = Time spent auto-exploring this place.
 F = Levels seen in this place.
 G = Mean time per level.
                   A        B        C        D        E       F      G
               +--------+--------+--------+--------+--------+-----+--------+
         Total |   1963 |   1890 |     73 |      0 |   1603 |   3 |  654.3 |
       Dungeon |   1963 |   1890 |     73 |      0 |   1603 |   3 |  654.3 |
               +--------+--------+--------+--------+--------+-----+--------+

Top non-repeatable levels by time:
     D:2: 1069 daAuts
     D:1: 772 daAuts
     D:3: 121 daAuts
